 Dungeon Crawl Stone Soup version 0.28-a0-872-g80cf8599ee (webtiles) character file.

Game seed: 8366075031083127908

2078855 sastreii the Conqueror (level 27, 297/297 (300) HPs)
             Began as a Hill Orc Fighter on Nov 20, 2021.
             Was an Elder of Nemelex Xobeh.
             Escaped with the Orb
             ... and 4 runes on Nov 21, 2021!
             The game lasted 03:22:59 (84758 turns).

sastreii the Conqueror (Hill Orc Fighter)          Turns: 84758, Time: 03:22:59

HP:   297/297 (300) AC: 45    Str: 30    XL:     27
MP:   39/47         EV:  8    Int: 11    God:    Nemelex Xobeh [****..]
Gold: 6380          SH: 36    Dex: 30    Spells: 26/26 levels left

rFire   + . .      SeeInvis +   b - +8 mithril axe "Arga" {speed, Will+}
rCold   + + .      Faith    .   T - +2 tower shield {AC+3}
rNeg    . . .      Spirit   .   g - +1 gold dragon scales
rPois   +          Reflect  +   C - +2 helmet {SInv}
rElec   +          Harm     .   v - +2 cloak {Stlth+}
rCorr   +          Rampage  .   c - +2 pair of gloves {Str+3}
Will    +++++      Clarity  +   e - +1 pair of boots
Stlth   ..........              d - amulet "Coejoahe" {Reflect rCorr Dex+4 SH+5}
HPRegen 0.59/turn               n - ring "Weohehir" {rElec rC+ Int+5 Dex+2}
MPRegen 0.30/turn               D - ring "Niguips" {Will++ MP+9 Str+3 Dex+6 SInv}

@: studying Earth Magic, lightly drained
A: clarity, dopey 1, strong-willed 1, poison resistance, robust 1, inhibited
regeneration
0: Orb of Zot
}: 4/15 runes: serpentine, barnacled, slimy, silver
a: Renounce Religion, Draw Escape, Draw Destruction, Draw Summoning, Draw Stack,
Triple Draw, Deal Four


You escaped.
You worshipped Nemelex Xobeh.
Nemelex Xobeh was greatly pleased with you.
You visited 11 branches of the dungeon, and saw 54 of its levels.
You also visited: Ice Cave.

You collected 9232 gold pieces.
You spent 2852 gold pieces at shops.

Inventory:

Hand Weapons
 a - a +9 broad axe of draining
 b - the +8 mithril axe "Arga" (weapon) {speed, Will+}
   (You acquired it on level 1 of the Depths)

   Attacks with this weapon are significantly faster.
   Will:      It increases your willpower.
 S - the +10 executioner's axe of the Establishment {freeze, rPois rC+ rCorr Str+3}
   (You took it off a vault warden on level 5 of the Vaults)

   It freezes those it strikes, dealing additional cold damage.
   It can also slow down cold-blooded creatures.
   Str:       It affects your strength (+3).
   rC:        It protects you from cold.
   rPois:     It protects you from poison.
   rCorr:     It protects you from acid and corrosion.
Missiles
 k - 14 throwing nets
 w - 6 silver javelins
Armour
 c - a +2 pair of gloves of strength (worn)
 e - a +1 pair of boots (worn)
 g - +1 gold dragon scales (worn)
 v - a +2 cloak of stealth (worn)
 C - a +2 helmet of see invisible (worn)
 L - a +2 tower shield of fire resistance
 T - a +2 tower shield of protection (worn)
Jewellery
 d - the amulet "Coejoahe" (around neck) {Reflect rCorr Dex+4 SH+5}
   (You found it on level 3 of the Elven Halls)

   [amulet of reflection]

   It reflects blocked missile attacks.
   Dex:       It affects your dexterity (+4).
   rCorr:     It protects you from acid and corrosion.
   SH:        It affects your SH (+5).
 n - the ring "Weohehir" (left hand) {rElec rC+ Int+5 Dex+2}
   (You acquired it on level 3 of the Snake Pit)

   [ring of protection from cold]

   Int:       It affects your intelligence (+5).
   Dex:       It affects your dexterity (+2).
   rC:        It protects you from cold.
   rElec:     It insulates you from electricity.
 u - the amulet of Vitality {Regen+ HP+15}
   (You found it on level 4 of the Shoals)

   [amulet of regeneration]

   HP:        It affects your health (+15).
   Regen:     It increases your rate of health regeneration.
 D - the ring "Niguips" (right hand) {Will++ MP+9 Str+3 Dex+6 SInv}
   (You found it on level 10 of the Dungeon)

   [ring of dexterity]

   Str:       It affects your strength (+3).
   Dex:       It affects your dexterity (+6).
   MP:        It affects your magic capacity (+9).
   SInv:      It lets you see invisible.
   Will:      It greatly increases your willpower.
 Q - the ring "Doarph" {rF++ AC+4}
   (You bought it in a shop on level 1 of the Dungeon)

   [ring of protection]

   AC:        It affects your AC (+4).
   rF:        It greatly protects you from fire.
 X - a ring of flight
Wands
 i - a wand of mindburst (29)
 E - a wand of digging (18)
 F - a wand of iceblast (41) (quivered)
 I - a wand of acid (42)
 J - a wand of polymorph (37)
 M - a wand of paralysis (51)
 U - a wand of charming (18)
Scrolls
 h - 17 scrolls of teleportation
 m - a scroll of summoning
 s - 4 scrolls of holy word
 z - a scroll of magic mapping
 G - 7 scrolls of fear
 K - 10 scrolls of immolation
 O - 5 scrolls of blinking
 P - 2 scrolls of silence
 W - 3 scrolls of torment
Potions
 j - 15 potions of curing
 l - 3 potions of berserk rage
 o - 6 potions of mutation
 r - 4 potions of cancellation
 t - 5 potions of haste
 B - 3 potions of magic
 H - 5 potions of resistance
 N - 2 potions of ambrosia
 R - 7 potions of might
 V - 5 potions of invisibility
Miscellaneous
 p - a tin of tremorstones (2/2)
 q - a phial of floods
 x - a phantom mirror
 y - a lightning rod (4/4)
 A - a condenser vane
 Y - a box of beasts


   Skills:
 O Level 27 Fighting
 - Level 1.0 Short Blades
 - Level 18.0 Axes
 + Level 8.0 Throwing
 - Level 26.1 Armour
 - Level 0.4 Dodging
 - Level 25.7 Shields
 + Level 22.8 Invocations
 + Level 17.0 Evocations


You had 26 spell levels left.
You didn't know any spells.
Your spell library contained the following spells:

 Spells                   Type           Power      Damage    Failure   Level
 Apportation              Tloc           0%         N/A       90%         1
 Beastly Appendage        Tmut           0%         N/A       90%         1
 Freeze                   Ice            0%         1d3       90%         1
 Magic Dart               Conj           0%         1d3       90%         1
 Pain                     Necr           0%         1d4       90%         1
 Shock                    Conj/Air       0%         1d3       90%         1
 Summon Small Mammal      Summ           0%         N/A       90%         1
 Blink                    Tloc           0%         N/A       97%         2
 Corpse Rot               Necr/Air       0%         N/A       97%         2
 Passwall                 Tmut/Erth      0%         N/A       97%         2
 Searing Ray              Conj           0%         2d4       97%         2
 Static Discharge         Conj/Air       0%         N/A       97%         2
 Sublimation of Blood     Necr           0%         N/A       97%         2
 Wereblood                Tmut           0%         N/A       97%         2
 Call Canine Familiar     Summ           0%         N/A       99%         3
 Conjure Flame            Conj/Fire      0%         6-21      99%         3
 Dazzling Flash           Conj/Hex       0%         N/A       99%         3
 Frozen Ramparts          Ice            0%         1d2       99%         3
 Ignite Poison            Fire/Tmut/Pois 0%         N/A       99%         3
 Inner Flame              Hex/Fire       0%         N/A       99%         3
 Ozocubu's Armour         Ice            0%         N/A       99%         3
 Portal Projectile        Hex/Tloc       0%         N/A       99%         3
 Spider Form              Tmut/Pois      0%         N/A       99%         3
 Summon Guardian Golem    Hex/Summ       0%         N/A       99%         3
 Swiftness                Air            0%         N/A       99%         3
 Teleport Other           Tloc           0%         N/A       99%         3
 Airstrike                Air            0%         N/A       100%        4
 Animate Dead             Necr           0%         N/A       100%        4
 Cause Fear               Hex            0%         N/A       100%        4
 Dispel Undead            Necr           0%         3d6       100%        4
 Fulminant Prism          Conj/Hex       0%         3d6       100%        4
 Hailstorm                Conj/Ice       0%         3d3       100%        4
 Ice Form                 Ice/Tmut       0%         N/A       100%        4
 Iskenderun's Mystic Bla  Conj/Tloc      0%         2d3       100%        4
 Leda's Liquefaction      Hex/Erth       0%         N/A       100%        4
 Olgreb's Toxic Radiance  Pois           0%         N/A       100%        4
 Petrify                  Tmut/Erth      0%         N/A       100%        4
 Sticky Flame             Conj/Fire      0%         2d3       100%        4
 Summon Ice Beast         Ice/Summ       0%         N/A       100%        4
 Summon Lightning Spire   Summ/Air       0%         N/A       100%        4
 Agony                    Necr           0%         N/A       100%        5
 Alistair's Intoxication  Tmut/Pois      0%         N/A       100%        5
 Borgnjor's Vile Clutch   Necr/Erth      0%         N/A       100%        5
 Excruciating Wounds      Necr           0%         N/A       100%        5
 Fireball                 Conj/Fire      0%         3d3       100%        5
 Irradiate                Conj/Tmut      0%         3d13      100%        5
 Lee's Rapid Deconstruct  Erth           0%         3d5*      100%        5
 Lightning Bolt           Conj/Air       0%         1d11      100%        5
 Manifold Assault         Tloc           0%         N/A       100%        5
 Summon Forest            Summ/Tloc      0%         N/A       100%        5
 Summon Mana Viper        Hex/Summ       0%         N/A       100%        5
 Conjure Ball Lightning   Conj/Air       0%         3x3d6     100%        6
 Death Channel            Necr           0%         N/A       100%        6
 Dispersal                Tloc           0%         N/A       100%        6
 Simulacrum               Ice/Necr       0%         N/A       100%        6
 Starburst                Conj/Fire      0%         6d3       100%        6
 Statue Form              Tmut/Erth      0%         N/A       100%        6
 Summon Cactus Giant      Summ           0%         N/A       100%        6
 Malign Gateway           Summ/Tloc      0%         N/A       100%        7
 Monstrous Menagerie      Summ           0%         N/A       100%        7
 Orb of Destruction       Conj           0%         N/A       100%        7
 Ozocubu's Refrigeration  Ice            0%         4d5       100%        7
 Spellforged Servitor     Conj/Summ      0%         N/A       100%        7
 Storm Form               Tmut/Air       0%         N/A       100%        7
 Borgnjor's Revivificati  Necr           0%         N/A       100%        8
 Discord                  Hex            0%         N/A       100%        8
 Disjunction              Tloc           0%         N/A       100%        8
 Ignition                 Fire           0%         3d3       100%        8
 Maxwell's Capacitive Co  Air            0%         ∞         100%        8
 Necromutation            Tmut/Necr      0%         N/A       100%        8
 Chain Lightning          Conj/Air       0%         N/A       100%        9
 Death's Door             Necr           0%         N/A       100%        9
 Fire Storm               Conj/Fire      0%         5d1       100%        9
 Shatter                  Erth           0%         3d5*      100%        9


Dungeon Overview and Level Annotations

Branches:
Dungeon (15/15)            Temple (1/1) D:6            Lair (6/6) D:9
 Shoals (4/4) Lair:2        Snake (4/4) Lair:2        Slime (5/5) Lair:6
    Orc (2/2) D:10            Elf (3/3) Orc:2        Vaults (5/5) D:14
  Crypt (0/3) Vaults:2     Depths (4/4) D:15            Zot (5/5) Depths:4
  IceCv (visited)

Altars:
Ashenzari
Cheibriados
Dithmenos
Elyvilon
Fedhas
Gozag
Hepliaklqana
Kikubaaqudgha
Makhleb
Nemelex Xobeh
Okawaru
Qazlal
Ru
Sif Muna
Trog
Uskayaw
Vehumet
Wu Jian
Xom
Yredelemnul
Zin
The Shining One
Beogh
Jiyva

Shops:
D:1 =   D:5 (   D:6 (   D:8 [   D:14 *   Orc:1 [   Orc:2 ![:(   Snake:1 =
Snake:2 *(   Snake:3 :   Snake:4 (   Vaults:1 (   Vaults:4 *   Depths:1 :=:

Portals:
Hell: Depths:1 Depths:2 Depths:3 Depths:4
Abyss: Depths:3
Pandemonium: Depths:1 Depths:2 Depths:4
Ziggurat: Depths:2

Annotations:
Lair:5 2 transporters
Vaults:2 1 transporter


Innate Abilities, Weirdness & Mutations

You possess an exceptional clarity of mind.
You are dopey. (Int -2)
You are strong-willed. (Will+)
Your system is resistant to poisons. (rPois)
You are robust. (+10% HP)
You do not regenerate when monsters are visible.


Message History

Press: ? - help, Dir - move target
As you read the scroll of blinking, it crumbles to dust.
You climb upwards.
There is a stone staircase leading down here.
(D) Dungeon (T) Temple (L) Lair (A) Shoals (P) Snake Pit (M) Slime Pits (O) Orcish Mines (E) Elven Halls (V) Vaults (C) Crypt (U) Depths (H) Hell (Z) Zot
Where to? (Enter - D:1, ? - help)
There is a stone staircase leading up here.
You climb upwards.
There is a stone staircase leading down here.
There is a stone staircase leading up here.
You climb upwards.
There is a stone staircase leading down here.
There is a stone staircase leading up here.
You climb upwards.
There is a stone staircase leading down here.
There is an escape hatch in the ceiling here.
HP restored.
There is a stone staircase leading up here.
You climb upwards.
There is a stone staircase leading down here.
(D) Dungeon (T) Temple (L) Lair (A) Shoals (P) Snake Pit (M) Slime Pits (O) Orcish Mines (E) Elven Halls (V) Vaults (C) Crypt (U) Depths (H) Hell (Z) Zot
Where to? (Enter - D:1, ? - help) You're already here!
There is an open door here.
There is an open door here.
There is an open door here.
You enter the shallow water.
Moving in this stuff is going to be slow.
There is a staircase leading out of the dungeon here.
You deal a card...
You have dealt the Illusion.
Suddenly you stand beside yourself.
You deal a card...
You have dealt the Swarm.
You deal a card...
You have dealt the Swarm.
You deal a card...
You have dealt the Rangers.
You have escaped!

.........#####...# ##......#
...............#.####......#
####'##.######≈...≈##......#
####.....# ##≈♣≈.≈♣≈#......#
...#.....# #≈♣⌠♣≈♣⌠♣≈......#
.........####≈♣...♣≈#......#
..........# ##≈...≈##.######
..........# #≈yy.≈#..#
##......#.## #≈@@yy#.##
......###..# #yNcy≈#.##
......#....###≈yy.≈#..#
......#.##..#≈....♣≈#.##
......#.###.≈.⌠.≈♣⌠♣≈..#
##...##.# #..≈.≈.≈♣≈>#.#
#.#.##.# ##..≈...≈..#.#
##'#....# ##..........#####
.......###########.#.......#


You could see a friendly naga sharpshooter (summoned), a friendly centaur
warrior (summoned), 8 friendly killer bees and the friendly sastreii's illusion
(summoned).

Vanquished Creatures
  Dissolution (Slime:4)
  the Royal Jelly (Slime:5)
  3 dread liches
  An ancient lich (Vaults:5)
  2 orbs of fire
  A juggernaut (Depths:2)
  Sojobo (Vaults:2)
  A Killer Klown (Zot:2)
  Margery (Vaults:5)
  Bai Suzhen (Vaults:2)
  4 curse toes
  A caustic shrike (Depths:2)
  16 golden dragons
  A bone dragon (Zot:4)
  An iron giant (Depths:2)
  An electric golem (Zot:3)
  A doom hound (Zot:4)
  20 Orb Guardians
  An Ice Fiend (D:14)
  21 tentacled monstrosities
  3 titans
  13 quicksilver dragons
  A deep elf master archer (Elf:3)
  A lich (Depths:1)
  A walking divine tome (Depths:3)
  2 deep elf blademasters
  18 acid blobs
  7 sphinxes
  A kraken (Shoals:1)
  8 shadow dragons
  8 death cobs
  The ghost of Guhan the Protected, an adept GnWn of Okawaru (Snake:4)
  The ghost of Voveif the Covert, an adept VSFi of Uskayaw (Snake:3)
  Kirke (Shoals:4)
  5 tengu reavers
  17 storm dragons
  10 draconian monks
  Donald (Vaults:1)
  4 draconian knights
  12 azure jellies
  8 fire giants
  5 rockslimes
  3 nagarajas
  Roxanne (Snake:1)
  2 draconian scorchers
  16 vault wardens
  4 ghost moths
  Louise (Shoals:2)
  A cacodemon (Depths:2)
  A fenstrider witch (Elf:3)
  Aizul (Snake:1)
  2 iron dragons (Depths:3)
  4 spectral caustic shrikes (Depths:1)
  3 orc warlords
  4 balrugs
  6 frost giants
  4 deep elf sorcerers
  5 deep elf elementalists (Elf:3)
  A curse skull (Zot:4)
  23 ironbound preservers
  A draconian stormcaller (Zot:4)
  4 draconian annihilators
  10 draconian shifters
  14 quicksilver oozes
  12 very ugly things
  4 spriggan defenders
  3 reapers
  3 war gargoyles (Vaults:5)
  11 stone giants
  10 deep elf demonologists
  6 deep elf annihilators
  2 black draconians (shapeshifter) (Zot:4)
  The ghost of Liplow the Fighter, a journeyman GrFi of Okawaru (Depths:1)
  11 green draconians
  3 vampire knights
  2 minotaurs
  10 red draconians
  3 spark wasps
  11 black draconians
  3 entropy weavers
  8 yellow draconians
  14 white draconians
  8 dire elephants
  15 purple draconians
  A jiangshi (Vaults:2)
  7 ettins
  2 merfolk javelineers
  9 deep elf death magi
  3 deep elf high priests
  14 yaktaur captains
  4 merfolk impalers
  6 ice dragons
  16 great orbs of eyes
  10 hydras
  2 catoblepae
  7 fire dragons
  10 naga warriors
  8 rakshasas
  A merfolk avatar (Shoals:1)
  4 ironbound thunderhulks
  A servant of whispers (Vaults:2)
  4 boulder beetles
  14 vault guards
  6 ogre magi
  2 hell beasts (Depths:4)
  A salamander tyrant (Snake:4)
  An anaconda (shapeshifter) (Vaults:5)
  10 centaur warriors
  11 ironbound frosthearts
  5 anacondas
  A merfolk aquamancer (Shoals:2)
  A two-headed ogre (shapeshifter) (Vaults:5)
  21 dancing weapons
  A death knight (Zot:4)
  11 tengu warriors
  11 satyrs (Shoals:4)
  6 two-headed ogres
  4 death yaks
  2 alligator snapping turtles
  The ghost of sanka the Grappler, a novice PaTm of Okawaru (D:10)
  4 deep troll earth magi
  9 deep troll shamans
  11 shock serpents
  A hell hog (Depths:4)
  An orc high priest (Elf:1)
  3 vampire magi
  6 spriggan berserkers
  17 hell knights
  2 fire crabs (Vaults:5)
  15 deep elf knights
  8 naga sharpshooters
  5 soul eaters
  7 sun demons
  5 salamander mystics
  A goliath frog (Vaults:5)
  Nergalle (Orc:2)
  9 iron trolls
  67 deep trolls
  8 sea snakes
  3 death drakes
  A swamp dragon (Vaults:5)
  A naga ritualist (Snake:4)
  A flayed ghost (Depths:3)
  16 wizards
  3 glowing orange brains
  12 ironbound convokers
  5 phantasmal warriors
  An obsidian statue (Zot:5)
  4 orc knights
  A lindwurm (shapeshifter) (Vaults:5)
  12 deep elf archers
  5 lindwurms
  26 deep elf pyromancers
  13 necromancers
  16 deep elf zephyrmancers
  3 orb spiders
  A wolf spider (shapeshifter) (Vaults:5)
  18 harpies
  A harpy (shapeshifter) (Vaults:5)
  4 mana vipers
  55 ugly things
  7 orc sorcerers
  A cyclops (shapeshifter) (Vaults:5)
  9 cyclopes
  23 fauns
  A frost giant zombie (Vaults:1)
  3 shining eyes
  23 manticores
  A salamander (shapeshifter) (D:15)
  20 salamanders
  An elf zombie (Vaults:1)
  2 human skeletons
  20 black mambas
  22 elephants
  11 guardian serpents
  3 water nymphs
  19 moths of wrath
  17 naga magi
  An elephant (shapeshifter) (Vaults:5)
  17 vault sentinels
  2 centaur zombies
  3 eyes of devastation
  3 stone giant skeletons
  A torpor snail (Lair:2)
  9 merfolk sirens
  3 smoke demons (Depths:4)
  2 gargoyles
  A fire giant skeleton (Vaults:1)
  A hellion (D:14)
  An efreet (D:13)
  An unseen horror (D:11)
  Psyche (D:11)
  7 cane toads
  4 rime drakes
  4 freezing wraiths
  12 komodo dragons
  34 yaktaurs
  3 tengu conjurers
  3 tormentors (Zot:4)
  An entropy weaver simulacrum (IceCv)
  A golden dragon simulacrum (IceCv)
  3 ice devils
  A yaktaur skeleton (Vaults:1)
  2 red devils
  A meliai (Lair:2)
  4 harpy zombies (Zot:4)
  2 kobold demonologists
  7 wind drakes
  3 polar bears
  8 trolls
  21 merfolk
  A tyrant leech (Vaults:5)
  3 jumping spiders
  5 hornets
  A blink frog (shapeshifter) (D:13)
  3 raiju (Zot:4)
  13 blink frogs
  An iron dragon simulacrum (Vaults:1)
  An ettin zombie (Vaults:3)
  88 slime creatures
  8 snapping turtles
  16 dream sheep
  2 saltlings (Vaults:2)
  4 air elementals
  2 tarantellas (Vaults:5)
  A vampire (D:12)
  A human simulacrum (Vaults:2)
  12 spriggans
  14 water elementals
  2 redbacks
  2 tarantellas (shapeshifter)
  2 wraiths
  61 yaks
  7 wyverns
  A yak (shapeshifter) (D:15)
  2 spriggan simulacra (IceCv)
  A shadow (D:13)
  4 fire elementals
  3 hogs (Shoals:4)
  6 basilisks
  22 humans
  2 golden eyes (shapeshifter)
  7 golden eyes
  A hog (shapeshifter) (Depths:3)
  An elf skeleton (Vaults:1)
  A yaktaur simulacrum (Vaults:3)
  A neqoxec (Depths:2)
  4 vampire mosquitoes (D:12)
  Menkaure (D:4)
  2 steam dragons
  38 nagas
  3 wargs
  Edmund (D:5)
  A swamp worm (shapeshifter) (D:13)
  A swamp worm (Elf:3)
  An acid dragon (Lair:2)
  Duvessa (D:6)
  10 water moccasins
  5 floating eyes
  7 hydra simulacra (Depths:2)
  A floating eye (shapeshifter) (Vaults:5)
  A swamp drake (Snake:3)
  24 orc warriors
  An ice beast (D:8)
  8 black bears
  A necrophage (D:10)
  10 ogres
  An ogre (shapeshifter) (Depths:3)
  2 human zombies (Vaults:2)
  18 wolves
  3 boggarts (Vaults:1)
  21 centaurs
  A phantom (D:4)
  An elf simulacrum (Vaults:3)
  2 kobold brigands
  A bullfrog (shapeshifter) (D:14)
  4 earth elementals
  11 bullfrogs
  5 gnoll sergeants
  3 scorpions
  3 water moccasin zombies
  A wyvern skeleton (D:7)
  Dowan (D:6)
  2 water moccasin skeletons (D:5)
  11 wights
  15 killer bees
  8 electric eels
  6 howler monkeys
  A lava snake (Orc:1)
  A bullfrog zombie (D:7)
  3 hounds
  15 orc priests
  A jelly (D:8)
  2 gnoll shamans
  A bullfrog skeleton (D:5)
  2 iguanas
  29 orc wizards
  18 hell rats
  3 centaur simulacra
  2 hound zombies (D:5)
  A howler monkey zombie (D:7)
  A mummy (D:10)
  Robin (D:2)
  19 gnolls
  11 adders
  2 white imps
  3 ufetubi
  A worm (D:4)
  2 dart slugs
  76 orcs
  4 ball pythons
  5 bats
  6 endoplasms
  A giant cockroach (D:1)
  17 goblins
  11 hobgoblins
  5 jackals
  4 frilled lizards
  13 kobolds
  5 rats
  A butterfly (Zot:5)
  4 tentacles (Shoals:1)
2223 creatures vanquished.

Vanquished Creatures (collateral kills)
  2 golden dragons
  Nikola (Snake:2)
  Rupert (Lair:3)
  A shadow dragon (Zot:3)
  A sphinx (Shoals:4)
  A storm dragon (Depths:3)
  3 nagarajas (Snake:4)
  A draconian shifter (Zot:1)
  2 draconian stormcallers
  A war gargoyle (Vaults:5)
  An ironbound preserver (Vaults:5)
  A stone giant (Vaults:5)
  A draconian annihilator (Zot:1)
  A green draconian (Zot:2)
  A white draconian (Zot:1)
  3 yellow draconians
  A black draconian (Zot:3)
  2 purple draconians (Zot:1)
  A rakshasa (D:10)
  A vault guard (Vaults:4)
  2 naga warriors
  A hydra (Lair:6)
  A boulder beetle (D:10)
  A catoblepas (Lair:6)
  3 dancing weapons
  5 death yaks (Lair:6)
  2 iron trolls (Vaults:5)
  5 skeletal warriors (D:14)
  2 salamander mystics (Snake:4)
  A naga ritualist (Snake:4)
  A death drake (Snake:1)
  A swamp dragon (Elf:3)
  A harpy (Lair:2)
  2 fauns
  A deep elf pyromancer (Elf:1)
  An orc sorcerer (Orc:1)
  2 salamanders (Snake:4)
  4 deep elf zephyrmancers
  A moth of wrath (Zot:5)
  A guardian serpent (Zot:4)
  A vault sentinel (Vaults:4)
  7 elephants
  A water nymph (Elf:3)
  2 naga magi
  4 black mambas
  2 cane toads (Lair:2)
  A rime drake (Lair:2)
  A polar bear (Lair:2)
  2 merfolk
  4 blink frogs
  2 slime creatures
  A snapping turtle (Shoals:4)
  A raiju (Zot:4)
  2 dream sheep (Lair:6)
  2 water elementals (Shoals:2)
  A wraith (D:10)
  3 yaks
  5 nagas
  A water moccasin (Lair:2)
  An orc warrior (Orc:1)
  A centaur (D:10)
  2 wolves (Lair:6)
  2 bullfrogs (Lair:2)
  A wight (D:10)
  An orc priest (Orc:1)
  An orc (Orc:1)
117 creatures vanquished.

Vanquished Creatures (others)
  A purple draconian (Zot:3)
  3 deep elf pyromancers
  A deep elf zephyrmancer (Elf:3)
  2 manticores
  A yaktaur (Vaults:1)
  A human (Shoals:4)
  4 nagas
  A floating eye (Depths:3)
  A boggart (Zot:4)
  An orc wizard (Orc:2)
  46 fungi
  134 plants
  7 tentacles (Shoals:1)
  4 toadstools (D:1)
  2 withered plants (D:5)
209 creatures vanquished.

Grand Total: 2549 creatures vanquished

Notes
Turn   | Place    | Note
-------+----------+-------------------------------------------
     0 | D:1      | sastreii the Hill Orc Fighter began the quest for the Orb.
     0 | D:1      | Reached XP level 1. HP: 19/19 MP: 1/1
    39 | D:1      | Found Zyakkiosue's Jewellery Shoppe.
   207 | D:1      | Found a faded altar of an unknown god.
   212 | D:1      | Reached skill level 4 in Fighting
   212 | D:1      | Reached XP level 2. HP: 27/27 MP: 2/2
   717 | D:1      | Reached XP level 3. HP: 31/33 MP: 3/3
   900 | D:2      | Noticed Robin
   907 | D:2      | Killed Robin
  1065 | D:2      | Reached XP level 4. HP: 40/40 MP: 4/4
  1687 | D:3      | Reached skill level 1 in Short Blades
  2141 | D:3      | Identified a scroll of acquirement
  2144 | D:3      | Acquired a +1 pair of gloves of strength
  2172 | D:4      | Noticed a water moccasin
  2275 | D:4      | Reached XP level 5. HP: 38/47 MP: 5/5
  2277 | D:4      | Reached skill level 5 in Fighting
  2379 | D:4      | Killed a water moccasin
  2380 | D:4      | Reached skill level 6 in Fighting
  2380 | D:4      | Reached XP level 6. HP: 53/58 MP: 6/6
  2508 | D:4      | Reached skill level 7 in Fighting
  2803 | D:4      | Reached skill level 8 in Fighting
  2803 | D:4      | Reached XP level 7. HP: 68/68 MP: 7/7
  2809 | D:4      | Noticed Menkaure
  2839 | D:4      | Killed Menkaure
  2840 | D:4      | Reached skill level 9 in Fighting
  3214 | D:5      | Entered Level 5 of the Dungeon
  3288 | D:5      | Noticed Edmund
  3302 | D:5      | Killed Edmund
  3349 | D:5      | Reached skill level 10 in Fighting
  3349 | D:5      | Reached XP level 8. HP: 73/79 MP: 8/8
  3789 | D:5      | Reached skill level 11 in Fighting
  4046 | D:5      | Reached skill level 12 in Fighting
  4181 | D:5      | Found a glowing silver altar of Zin.
  4221 | D:5      | Found a basalt altar of Yredelemnul.
  4317 | D:5      | Reached XP level 9. HP: 87/92 MP: 9/9
  4320 | D:5      | Reached skill level 13 in Fighting
  4664 | D:5      | Found Dyl Bub's Antique Weapon Boutique.
  4814 | D:6      | Noticed Duvessa
  4814 | D:6      | Noticed Dowan
  4829 | D:6      | Killed Duvessa
  4834 | D:6      | Killed Dowan
  4907 | D:6      | Found a staircase to the Ecumenical Temple.
  4934 | Temple   | Entered the Ecumenical Temple
  4997 | Temple   | Became a worshipper of Nemelex Xobeh the Trickster
  5261 | D:6      | Reached skill level 14 in Fighting
  5440 | D:6      | Found Heubaota's Antique Weapon Shop.
  6014 | D:6      | Reached * piety under Nemelex Xobeh
  6739 | D:7      | Reached skill level 15 in Fighting
  6899 | D:7      | Reached XP level 10. HP: 39/107 MP: 10/10
  7172 | D:7      | Reached skill level 16 in Fighting
  7769 | D:8      | Reached skill level 17 in Fighting
  8195 | D:8      | Received a gift from Nemelex Xobeh
  8242 | D:8      | Found a broken altar of Ashenzari.
  8551 | D:8      | Found a glowing golden altar of the Shining One.
  8734 | D:8      | Reached ** piety under Nemelex Xobeh
  8807 | D:8      | Found Raed's Armour Shoppe.
  9139 | D:9      | Reached skill level 1 in Evocations
  9376 | D:9      | Reached skill level 18 in Fighting
  9733 | D:9      | Noticed an elephant
  9749 | D:9      | Killed an elephant
  9750 | D:9      | Reached XP level 11. HP: 69/121 MP: 11/11
 10019 | D:9      | Found a staircase to the Lair.
 10062 | D:9      | Received a gift from Nemelex Xobeh
 10160 | D:9      | Reached skill level 19 in Fighting
 10293 | D:9      | Noticed a cyclops
 10315 | D:9      | Killed a cyclops
 11039 | D:9      | Noticed a two-headed ogre
 11050 | D:9      | Killed a two-headed ogre
 11254 | Lair:1   | Entered Level 1 of the Lair of Beasts
 11659 | Lair:1   | Reached *** piety under Nemelex Xobeh
 11701 | Lair:1   | Reached skill level 20 in Fighting
 12648 | Lair:1   | Reached skill level 21 in Fighting
 12652 | Lair:1   | Reached XP level 12. HP: 80/136 MP: 12/12
 12827 | Lair:1   | You fall into a shaft and drop 1 floor!
 12827 | Lair:2   | Received a gift from Nemelex Xobeh
 12929 | Lair:2   | Reached skill level 22 in Fighting
 13468 | Lair:2   | Found a staircase to the Shoals.
 14146 | Lair:2   | Acquired 982 gold pieces
 14166 | Lair:2   | Found a staircase to the Snake Pit.
 14537 | D:1      | Bought the ring "Doarph" {rF++ AC+4} for 605 gold pieces
 15112 | Lair:3   | Reached skill level 23 in Fighting
 15134 | Lair:3   | Received a gift from Nemelex Xobeh
 15549 | Lair:3   | Reached XP level 13. HP: 136/148 MP: 11/13
 15685 | Lair:3   | Reached **** piety under Nemelex Xobeh
 15729 | Lair:3   | Reached skill level 24 in Fighting
 16130 | Lair:3   | Noticed Rupert
 16144 | Lair:3   | Identified the -2 quarterstaff of Bodily Humours {vorpal,
                  | rN+ Dex+3}
 16149 | Lair:3   | Killed Rupert
 16724 | Lair:4   | Received a gift from Nemelex Xobeh
 17310 | Lair:4   | Identified the +0 pair of gloves of Viecahai {*Corrode
                  | Int+9}
 17475 | Lair:4   | Received a gift from Nemelex Xobeh
 17498 | Lair:4   | Reached ***** piety under Nemelex Xobeh
 17691 | Lair:4   | Reached skill level 25 in Fighting
 18333 | Lair:4   | Received a gift from Nemelex Xobeh
 18559 | Lair:4   | Acquired 450 gold pieces
 18898 | Lair:5   | Found a transporter.
 18935 | Lair:5   | Found a transporter.
 19481 | Lair:5   | Received a gift from Nemelex Xobeh
 19836 | Lair:5   | Identified the +6 dagger of the Magi {flame, rC+ MP+9
                  | Stlth+}
 20131 | Lair:6   | Entered Level 6 of the Lair of Beasts
 20145 | Lair:6   | Reached skill level 1 in Invocations
 20147 | Lair:6   | Reached XP level 14. HP: 145/163 MP: 7/15
 20162 | Lair:6   | Reached skill level 26 in Fighting
 20899 | Lair:6   | Received a gift from Nemelex Xobeh
 21029 | Lair:6   | Reached skill level 5 in Invocations
 22096 | Lair:6   | Found a viscous altar of Jiyva.
 22097 | Lair:6   | Found a staircase to the Slime Pits.
 22272 | Lair:6   | Reached skill level 27 in Fighting
 23136 | D:10     | Entered Level 10 of the Dungeon
 23145 | D:10     | Found a transporter.
 23146 | D:10     | Noticed sanka's ghost (novice PaTm)
 23171 | D:10     | Found a transporter.
 23191 | D:10     | Killed sanka's ghost
 23195 | D:10     | Reached skill level 5 in Axes
 23233 | D:10     | Found a staircase to the Orcish Mines.
 23704 | D:10     | Reached XP level 15. HP: 74/174 MP: 21/21
 24009 | D:10     | Identified the ring "Niguips" {Will++ MP+9 Str+3 Dex+6
                  | SInv}
 24387 | D:11     | Received a gift from Nemelex Xobeh
 24830 | D:11     | Noticed Psyche
 24837 | D:11     | Killed Psyche
 24995 | Orc:1    | Entered Level 1 of the Orcish Mines
 25034 | Orc:1    | Found Geonoarowe's Antique Armour Shoppe.
 25450 | Orc:2    | Entered Level 2 of the Orcish Mines
 25599 | Orc:2    | Received a gift from Nemelex Xobeh
 25616 | Orc:2    | Reached skill level 10 in Axes
 25708 | Orc:2    | Noticed an orc warlord
 25723 | Orc:2    | Killed an orc warlord
 25820 | Orc:2    | Found a staircase to the Elven Halls.
 26143 | Orc:2    | Reached skill level 10 in Invocations
 26147 | Orc:2    | Found Duvid's Antique Armour Shoppe.
 26179 | Orc:2    | Found an ancient bone altar of Kikubaaqudgha.
 26179 | Orc:2    | Noticed Nergalle
 26191 | Orc:2    | Killed Nergalle
 26198 | Orc:2    | Found Xomoett's Antique Weapon Shoppe.
 26275 | Orc:2    | Found a roughly hewn altar of Beogh.
 26275 | Orc:2    | Found Achy's Distillery.
 26332 | Orc:2    | Found Ecimimpy's Book Emporium.
 26335 | Orc:2    | Bought 2 potions of haste for 340 gold pieces
 26335 | Orc:2    | Bought a potion of might for 68 gold pieces
 26335 | Orc:2    | Bought a potion of mutation for 136 gold pieces
 26335 | Orc:2    | Bought a potion of might for 68 gold pieces
 26335 | Orc:2    | Bought a potion of degeneration for 17 gold pieces
 26335 | Orc:2    | Bought a potion of heal wounds for 85 gold pieces
 26360 | Orc:2    | Found a radiant altar of Vehumet.
 27682 | D:13     | Reached XP level 16. HP: 183/183 MP: 24/24
 28106 | D:14     | Found Beun's Fire Supplies.
 28219 | D:14     | Reached skill level 15 in Axes
 28234 | D:14     | Received a gift from Nemelex Xobeh
 28252 | D:14     | Found a gate to the Vaults.
 28990 | D:14     | Found a roughly hewn altar of Beogh.
 29117 | D:14     | Received a gift from Nemelex Xobeh
 29203 | D:15     | Entered Level 15 of the Dungeon
 29214 | D:15     | Reached ****** piety under Nemelex Xobeh
 29351 | D:15     | Found a hazy altar of Hepliaklqana.
 29565 | D:15     | Reached skill level 5 in Evocations
 29642 | D:15     | Received a gift from Nemelex Xobeh
 29658 | D:15     | Found a glowing silver altar of Zin.
 29976 | D:15     | Found a staircase to the Depths.
 30619 | Snake:1  | Entered Level 1 of the Snake Pit
 30661 | Snake:1  | Found Wamir's One-of-a-Kind Rings.
 30712 | Snake:1  | HP: 6/183 [naga warrior (29)]
 30725 | Snake:1  | Reached skill level 5 in Shields
 30805 | Snake:1  | Reached XP level 17. HP: 89/191 MP: 26/26
 30926 | Snake:1  | Received a gift from Nemelex Xobeh
 30939 | Snake:1  | Noticed Aizul
 30955 | Snake:1  | Killed Aizul
 31151 | Snake:1  | Noticed Roxanne
 32183 | Snake:1  | Killed Roxanne
 32772 | Snake:2  | Received a gift from Nemelex Xobeh
 33589 | Snake:2  | Found Tuqyustre's Assorted Antiques.
 33593 | Snake:2  | Bought a scroll of identify for 56 gold pieces
 33593 | Snake:2  | Bought a scroll of identify for 56 gold pieces
 33593 | Snake:2  | Bought a heavily runed chain mail for 266 gold pieces
 33593 | Snake:2  | Identified the +1 chain mail of the Realm of Zot {Rampage
                  | rPois Str-3 Int+3} (You bought it in a shop on level 2 of
                  | the Snake Pit)
 33596 | Snake:2  | Reached XP level 18. HP: 200/200 MP: 28/28
 33611 | Snake:2  | Found Rimm's Weapon Boutique.
 33921 | Snake:2  | Received a gift from Nemelex Xobeh
 34270 | Snake:2  | Noticed Nikola
 34282 | Snake:2  | Killed Nikola
 35180 | Snake:3  | Reached skill level 5 in Armour
 35235 | Snake:3  | Found Telaec's Book Emporium.
 35828 | Snake:3  | Reached skill level 10 in Shields
 35870 | Snake:3  | Reached skill level 15 in Invocations
 36418 | Snake:3  | Received a gift from Nemelex Xobeh
 36663 | Snake:3  | Found a runed translucent door.
 36666 | Snake:3  | Noticed Voveif's ghost (adept VSFi)
 36728 | Snake:3  | Killed Voveif's ghost
 37003 | Snake:3  | Acquired the ring "Weohehir" {rElec rC+ Int+5 Dex+2}
 37117 | Snake:4  | Entered Level 4 of the Snake Pit
 37457 | Snake:4  | Found Zentaoso's Weapon Shoppe.
 37493 | Snake:4  | Found a runed translucent door.
 37494 | Snake:4  | Received a gift from Nemelex Xobeh
 37494 | Snake:4  | Noticed Guhan's ghost (adept GnWn)
 37533 | Snake:4  | Killed Guhan's ghost
 37976 | Snake:4  | Reached XP level 19. HP: 150/207 MP: 30/30
 38126 | Snake:4  | Got a serpentine rune of Zot
 38997 | Shoals:1 | Entered Level 1 of the Shoals
 39111 | Shoals:1 | Received a gift from Nemelex Xobeh
 39618 | Shoals:1 | You fall into a shaft and drop 1 floor!
 40038 | Shoals:2 | Received a gift from Nemelex Xobeh
 40569 | Shoals:2 | Noticed Louise
 40591 | Shoals:2 | Killed Louise
 41194 | Shoals:2 | Identified the +2 long sword "Exzeleg" {vorpal, rElec Dex+2
                  | SInv}
 41513 | Shoals:3 | Identified the +2 rapier of Anxiety {vorpal, rC+}
 41954 | Shoals:3 | Received a gift from Nemelex Xobeh
 41968 | Shoals:3 | Reached skill level 15 in Shields
 42685 | Shoals:4 | Entered Level 4 of the Shoals
 42765 | Shoals:4 | Noticed Kirke
 42779 | Shoals:4 | Killed Kirke
 42797 | Shoals:4 | Found the amulet of Vitality {Regen+ HP+15}
 42821 | Shoals:4 | Reached XP level 20. HP: 78/216 MP: 31/31
 43028 | Shoals:4 | Reached skill level 10 in Armour
 43981 | Shoals:4 | Got a barnacled rune of Zot
 44184 | Elf:1    | Entered Level 1 of the Elven Halls
 44378 | Elf:1    | Received a gift from Nemelex Xobeh
 44426 | Elf:1    | Paralysed by an air elemental for 1 turns
 44716 | Elf:1    | Identified the -3 pair of gloves of the Eternal Fruit {rN+
                  | Will+ Slay+2}
 45204 | Elf:1    | Received a gift from Nemelex Xobeh
 45313 | Elf:2    | Found a radiant altar of Vehumet.
 45329 | Elf:2    | Found a frozen archway.
 45351 | IceCv    | Entered an ice cave
 46011 | Elf:2    | Found a runed translucent gate.
 46011 | Elf:2    | Found a runed translucent gate.
 46023 | Elf:2    | Found a runed translucent gate.
 46802 | Elf:2    | Received a gift from Nemelex Xobeh
 47357 | Elf:2    | Received a gift from Nemelex Xobeh
 47369 | Elf:2    | Paralysed by an air elemental for 1 turns
 48153 | Elf:3    | Entered Level 3 of the Elven Halls
 48228 | Elf:3    | Received a gift from Nemelex Xobeh
 48598 | Elf:3    | Paralysed by an air elemental for 1 turns
 48788 | Elf:3    | Reached XP level 21. HP: 175/224 MP: 32/32
 48943 | Elf:3    | Identified the -1 hand axe "Ducufol" {holy, rElec rC++
                  | Str-3 Int+9}
 49006 | Elf:3    | Identified the -2 quarterstaff "Zari" {spect, Drain rPois
                  | Will+ Dex+2}
 49024 | Elf:3    | Identified the +1 leather armour "Aroalut" {Int+4 Dex+4
                  | SInv}
 49495 | Elf:3    | Identified the +1 leather armour "Onaegexo" {Harm rF++ rC-
                  | Regen+ MP+9}
 49495 | Elf:3    | Identified the ring "Tifesal" {AC+4 Str-4 Slay+5}
 49503 | Elf:3    | Acquired 652 gold pieces
 49814 | Elf:3    | Received a gift from Nemelex Xobeh
 49866 | Elf:3    | Identified the amulet "Coejoahe" {Reflect rCorr Dex+4 SH+5}
 49883 | Elf:3    | Identified the ring "Wypibbui" {rC+ rN+ Int+6}
 50481 | Depths:1 | Entered Level 1 of the Depths
 50533 | Depths:1 | Found a one-way gate leading to the halls of Pandemonium.
 50690 | Depths:1 | Found a gateway to Hell.
 51240 | Depths:1 | Acquired the +6 broad axe "Diker" {flame, rC+ Int+2 Dex+3}
 51252 | Depths:1 | Received a gift from Nemelex Xobeh
 51358 | Depths:1 | Noticed a golden dragon
 51371 | Depths:1 | Found a runed translucent gate.
 51371 | Depths:1 | Found a runed translucent gate.
 51371 | Depths:1 | Found a runed translucent gate.
 51372 | Depths:1 | Noticed Liplow's ghost (journeyman GrFi)
 51440 | Depths:1 | Killed a golden dragon
 51455 | Depths:1 | Killed Liplow's ghost
 51466 | Depths:1 | Identified the +5 spear of Dim Light {freeze, rF+ rN+
                  | Int-4}
 51483 | Depths:1 | Acquired the +8 mithril axe "Arga" {speed, Will+}
 51483 | Depths:1 | Found the +8 mithril axe "Arga" {speed, Will+}
 51734 | Depths:1 | Found Jeet's Book Emporium.
 51734 | Depths:1 | Found Udoomei's Jewellery Boutique.
 51735 | Depths:1 | Found Xiulae Moto's Book Emporium.
 51820 | Depths:1 | You fall into a shaft and drop 1 floor!
 51868 | Depths:2 | Found a gateway to a ziggurat.
 51872 | Depths:2 | Paralysed by a floating eye for 2 turns
 51880 | Depths:2 | Paralysed by a floating eye for 2 turns
 51883 | Depths:2 | Paralysed by a floating eye for 2 turns
 52593 | Depths:2 | Gained mutation: Potions are less effective at restoring
                  | your health. [a neqoxec]
 52597 | Depths:2 | Gained mutation: You are robust. (+10% HP) [a cacodemon]
 52725 | Depths:2 | Noticed a caustic shrike
 52725 | Depths:2 | Noticed a caustic shrike
 52725 | Depths:2 | Noticed a caustic shrike
 52726 | Depths:2 | a caustic shrike changed into an acid blob
 52726 | Depths:2 | a caustic shrike changed into an iron giant
 52726 | Depths:2 | Killed a caustic shrike
 53068 | Depths:2 | Reached XP level 22. HP: 166/256 MP: 33/33
 53289 | Depths:2 | Noticed a juggernaut
 53303 | Depths:2 | Killed a juggernaut
 53494 | Depths:2 | Received a gift from Nemelex Xobeh
 53508 | Depths:2 | Identified the +1 ring mail of Tomorrow {rF++ Str+3}
 53671 | Depths:3 | Paralysed by a floating eye for 2 turns
 53680 | Depths:3 | Paralysed by a floating eye for 2 turns
 53728 | Depths:4 | Entered Level 4 of the Depths
 55052 | Depths:3 | Found a sparkling altar of Nemelex Xobeh.
 55307 | Depths:3 | Found a one-way gate to the infinite horrors of the Abyss.
 55360 | Depths:3 | Received a gift from Nemelex Xobeh
 55967 | Depths:3 | Noticed a golden dragon
 55981 | Depths:3 | Killed a golden dragon
 55986 | Depths:3 | Noticed a dread lich
 55994 | Depths:3 | Noticed a golden dragon
 56003 | Depths:3 | Killed a dread lich
 56251 | Depths:3 | Killed a golden dragon
 56593 | Depths:3 | Identified the +3 hunting sling "Weizuts" {flame, Fly rPois
                  | rF- Will+}
 56595 | Depths:3 | Got the Handbook of Quantum Dark Arts
 57099 | Slime:1  | Entered Level 1 of the Pits of Slime
 57298 | Slime:1  | Reached skill level 15 in Armour
 57647 | Slime:2  | Received a gift from Nemelex Xobeh
 57706 | Slime:2  | Reached XP level 23. HP: 204/264 MP: 34/34
 58305 | Slime:2  | Received a gift from Nemelex Xobeh
 58411 | Slime:4  | Noticed Dissolution
 58421 | Slime:4  | Paralysed by a floating eye for 2 turns
 58430 | Slime:4  | Killed Dissolution
 58888 | Slime:5  | Entered Level 5 of the Pits of Slime
 58970 | Slime:5  | Gained mutation: Your body sometimes deteriorates upon
                  | taking damage. [a shining eye]
 58975 | Slime:5  | Lost mutation: Your body sometimes deteriorates upon taking
                  | damage. [potion of mutation]
 58975 | Slime:5  | Lost mutation: You are robust. (+10% HP) [potion of
                  | mutation]
 58975 | Slime:5  | Lost mutation: Potions are less effective at restoring your
                  | health. [potion of mutation]
 58975 | Slime:5  | Gained mutation: You are clumsy. (Dex -2) [potion of
                  | mutation]
 58975 | Slime:5  | Gained mutation: Your spells are a little harder to cast,
                  | but a little more powerful. [potion of mutation]
 58976 | Slime:5  | Lost mutation: Your spells are a little harder to cast, but
                  | a little more powerful. [potion of mutation]
 58976 | Slime:5  | Lost mutation: You are clumsy. (Dex -2) [potion of
                  | mutation]
 58976 | Slime:5  | Gained mutation: You possess an exceptional clarity of
                  | mind. [potion of mutation]
 58976 | Slime:5  | Gained mutation: You expend magic power (3 MP) to
                  | strengthen your wands. [potion of mutation]
 59071 | Slime:5  | Found a viscous altar of Jiyva.
 59073 | Slime:5  | Noticed the Royal Jelly
 59140 | Slime:5  | Killed the Royal Jelly
 59173 | Slime:5  | Received a gift from Nemelex Xobeh
 59779 | Slime:5  | Found the +4 dagger "Morg" {pain, Will+ Int+5}
 59787 | Slime:5  | Got Ominaco's Volume of Dislocation
 59793 | Slime:5  | Got a slimy rune of Zot
 59810 | Slime:5  | Identified the +1 robe of Focus {Int+6}
 59825 | Slime:5  | Identified the +3 kite shield of Tentacled Happiness {rElec
                  | rC- Str+2 Int+3}
 59853 | Slime:5  | Identified the +7 whip of Bloody Death {drain, rC++ Will-
                  | Int+2 SInv}
 61125 | Vaults:1 | Entered Level 1 of the Vaults
 61129 | Vaults:1 | Received a gift from Nemelex Xobeh
 61176 | Vaults:1 | Noticed Donald
 61204 | Vaults:1 | Killed Donald
 61871 | Vaults:1 | Received a gift from Nemelex Xobeh
 62442 | Vaults:1 | Received a gift from Nemelex Xobeh
 62776 | Vaults:1 | Found Xoudocem's Antique Weapon Boutique.
 62781 | Vaults:1 | Reached XP level 24. HP: 249/249 MP: 34/34
 62829 | Vaults:2 | Noticed Sojobo
 62842 | Vaults:2 | Paralysed by an air elemental for 1 turns
 62849 | Vaults:2 | Paralysed by an air elemental for 1 turns
 62854 | Vaults:2 | Paralysed by an air elemental for 1 turns
 62871 | Vaults:2 | Killed Sojobo
 63344 | Vaults:2 | Noticed an ancient lich
 63386 | Vaults:2 | Found a transporter.
 63387 | Vaults:2 | Found a radiant altar of Vehumet.
 63560 | Vaults:2 | Found a staircase to the Crypt.
 64092 | Vaults:2 | Noticed Bai Suzhen
 64130 | Vaults:2 | Killed Bai Suzhen
 64853 | Vaults:2 | Received a gift from Nemelex Xobeh
 65425 | Vaults:3 | Received a gift from Nemelex Xobeh
 65785 | Vaults:3 | Received a gift from Nemelex Xobeh
 66786 | Vaults:4 | Received a gift from Nemelex Xobeh
 67011 | Vaults:4 | Received a gift from Nemelex Xobeh
 67399 | Vaults:4 | Received a gift from Nemelex Xobeh
 67607 | Vaults:4 | Reached XP level 25. HP: 257/257 MP: 35/35
 67842 | Vaults:4 | Found Minoly's Assorted Antiques.
 67846 | Vaults:4 | Bought a phantom mirror for 880 gold pieces
 67846 | Vaults:4 | Bought a potion of heal wounds for 110 gold pieces
 67846 | Vaults:4 | Bought a scroll of blinking for 165 gold pieces
 67984 | Vaults:5 | Entered Level 5 of the Vaults
 67991 | Vaults:5 | Paralysed by a floating eye for 4 turns
 68007 | Vaults:5 | Identified the ring of the Ego {Fire rElec Will- Dex+4
                  | Stlth+}
 68046 | Vaults:5 | Noticed an ancient lich
 68065 | Vaults:5 | Killed an ancient lich
 68099 | Vaults:5 | Identified the +8 chain mail of Circular Logic {rF+ Dex+2}
 68420 | Vaults:5 | Identified the +10 executioner's axe of the Establishment
                  | {freeze, rPois rC+ rCorr Str+3}
 68574 | Vaults:5 | Identified the +4 quarterstaff of Intimidation {drain,
                  | +Blink Str+4 Int-4}
 68688 | Vaults:5 | Got a silver rune of Zot
 68720 | Vaults:5 | Received a gift from Nemelex Xobeh
 68811 | Vaults:5 | Noticed Margery
 68823 | Vaults:5 | Killed Margery
 69802 | Vaults:5 | Received a gift from Nemelex Xobeh
 69986 | Vaults:5 | Identified the +0 swamp dragon scales of Follow the Leader
                  | {rPois Slay+3}
 70635 | Depths:4 | Received a gift from Nemelex Xobeh
 70952 | Depths:4 | Reached XP level 26. HP: 162/233 MP: 35/35
 71411 | Depths:4 | Identified the +10 hand axe "Isay" {flame, +Blink rElec rF-
                  | rCorr}
 71514 | Depths:4 | Reached skill level 10 in Evocations
 72184 | Depths:4 | Identified the amulet "Sirch" {Faith Will+ Stlth+}
 72224 | Depths:4 | Found a gate to the Realm of Zot.
 72251 | Zot:1    | Entered Level 1 of the Realm of Zot
 72939 | Depths:4 | Found an opulent altar of Gozag.
 73248 | Depths:4 | Found the +7 sceptre of Torment {pain, torment}
 73547 | Zot:1    | Received a gift from Nemelex Xobeh
 75058 | Zot:2    | Reached skill level 1 in Throwing
 75590 | Zot:2    | Received a gift from Nemelex Xobeh
 75664 | Zot:2    | Reached XP level 27. HP: 52/273 MP: 36/36
 77192 | Zot:2    | Noticed an orb of fire
 77202 | Zot:2    | Gained mutation: Your spells are a little easier to cast,
                  | but a little less powerful. [an orb of fire]
 77209 | Zot:2    | Gained mutation: You do not regenerate when monsters are
                  | visible. [an orb of fire]
 77213 | Zot:2    | Lost mutation: You expend magic power (3 MP) to strengthen
                  | your wands. [an orb of fire]
 77217 | Zot:2    | Gained mutation: You are dopey. (Int -2) [an orb of fire]
 77219 | Zot:2    | Killed an orb of fire
 77231 | Zot:2    | Lost mutation: Your spells are a little easier to cast, but
                  | a little less powerful. [potion of mutation]
 77231 | Zot:2    | Lost mutation: You are dopey. (Int -2) [potion of mutation]
 77231 | Zot:2    | Gained mutation: You are dopey. (Int -2) [potion of
                  | mutation]
 77231 | Zot:2    | Gained mutation: You are strong-willed. (Will+) [potion of
                  | mutation]
 77231 | Zot:2    | Gained mutation: Your system is resistant to poisons.
                  | (rPois) [potion of mutation]
 79258 | Zot:3    | Received a gift from Nemelex Xobeh
 79818 | Zot:4    | Reached skill level 5 in Throwing
 80004 | Zot:4    | Reached skill level 15 in Evocations
 81007 | Zot:4    | Received a gift from Nemelex Xobeh
 82235 | Zot:4    | Received a gift from Nemelex Xobeh
 82539 | Zot:5    | Entered Level 5 of the Realm of Zot
 82639 | Zot:5    | Identified the +4 demon trident of a wizard's laboratory
                  | {pain, rN+ Dex+3}
 83256 | Zot:5    | Noticed an orb of fire
 83262 | Zot:5    | Noticed an orb of fire
 83271 | Zot:5    | Gained mutation: You are robust. (+10% HP) [an orb of fire]
 83273 | Zot:5    | Killed an orb of fire
 83274 | Zot:5    | Banished an orb of fire
 83274 | Zot:5    | Noticed a dread lich
 83289 | Zot:5    | Killed a dread lich
 83309 | Zot:5    | Noticed a dread lich
 83319 | Zot:5    | Noticed a dread lich
 83799 | Zot:5    | Killed a dread lich
 84072 | Zot:5    | Got the Orb of Zot
 84595 | D:8      | Noticed Faorouts the pandemonium lord
 84644 | D:6      | Noticed Namaw the pandemonium lord
 84758 | D:$      | Escaped with the Orb!

Illustrated notes

Levels and vault maps discovered:
D:1:      ldierk_water_garden, layout_basic, dreamdust_ecumenical_altar_statues,
          serial_shops, nicolae_shop_crystal, grunt_decor_fettered
D:2:      layout_rooms, uniq_robin
D:3:      layout_basic, kennysheep_big_empty_room, eino_tiny_chamber,
          dk_noncrumbling_3
D:4:      layout_rooms, uniq_menkaure
D:5:      layout_cave_pools, nicolae_overflow_hidden_temple,
          yredelemnul_altar_generic, serial_shops, nicolae_shop_window_shopping,
          nrook_pool_corridor, hangedman_glass_teeth, minmay_misc_feat_plants,
          minmay_puff, uniq_edmund
D:6:      layout_layer_cave, minmay_temple_entry_statues_fountains,
          serial_shops, shop, uniq_duvessa
D:7:      layout_rooms
D:8:      layout_loops_ring, cheibrodos_ashenzari_chains,
          mainiacjoe_overflow_catwalk, kennysheep_small_circle
D:9:      layout_loops_ring, david_lair_generic, st_stairs_4
D:10:     minmay_blocky_corners, layout_irregular_city, orc_0_dummy,
          gammafunk_ghost_arena, serial_undead, serial_undead_e,
          serial_undead_f, serial_undead_d, serial_undead_e
D:11:     layout_cave_pods, kennysheep_generic_room_5, uniq_psyche
D:12:     layout_loops_ring, minmay_fractal_squares_diagonal_5
D:13:     layout_cave_pools
D:14:     layout_gridville, grunt_vaults_entry_tiered, minmay_splitting_lines,
          special_room [special_room_orc], nicolae_shop_fire_sale
          [nicolae_sub_dead_trees]
D:15:     gammafunk_enter_depths_forms, layout_stronghold,
          nicolae_hepliaklqana_hippocampus, small_chamber_with_monster,
          zin_scriptorium
Temple:   mainiacjoe_temple_coin_purse
Lair:1:   kb_forest_paths, layout_regular_city, st_stairs_8, grunt_megastairs_2
Lair:2:   layout_loops_ring, shoals_dummy_entry, guppyfry_snake_entry_garden
Lair:3:   layout_gridlike, nicolae_lair_lil_pond, uniq_rupert
Lair:4:   layout_hall_layers, beast_lair_carwin_1, serial_bayou_shore_b
Lair:5:   gammafunk_cloud_chamber, layout_hall_layers, serial_bayou_lagoon_a
Lair:6:   grunt_lair_end_beastmaster, layout_long_grid,
          dpeg_slime_entry_enclosed_altar, serial_bayou_lagoon_b
Shoals:1: layout_shoals
Shoals:2: layout_shoals, uniq_louise
Shoals:3: layout_shoals, nicolae_shoals_lost_giant_amphitheater
Shoals:4: shoals_end_hellmonk_lost_city, uniq_kirke
Snake:1:  layout_onion, nicolae_shop_unique_rings, nicolae_snake_bzzzt,
          serial_bayou_shore_a, uniq_aizul, uniq_roxanne
Snake:2:  nicolae_snake_attic_fulla_snakes, layout_chambers, minmay_shoptagon,
          serial_bayou_shore_b, uniq_nikola
Snake:3:  nicolae_snake_hallway, layout_basic, ebering_ghost_reflecting_pool,
          minmay_shop_star
Snake:4:  johnstein_snake_rune_scales, layout_cave_town,
          hellmonk_ghost_happy_afterlife, serial_shops,
          nicolae_shop_bloodbath_and_beyond, grunt_megastairs_1
Slime:1:  layout_caves
Slime:2:  cheibrodos_slime_lost_civilization_10, layout_caves
Slime:3:  layout_caves
Slime:4:  layout_caves, dissolution_awaits
Slime:5
Orc:1:    layout_diamond_mine, serial_shops, nicolae_shop_hallway_stairs,
          nicolae_orc_lava_tube, sword_in_stone
Orc:2:    kennysheep_orc_mage_school, layout_diamond_mine
Elf:1:    minmay_elf_arrival_circle, layout_geoelf_grid,
          kennysheep_underground_church
Elf:2:    elven_hall_of_blades_hangedman_original
          [nicolae_blade_entry_pointy_end], layout_loops_cross, basic_altar,
          portal_ice_cave_entry_pillars_three
Elf:3:    grunt_elf_hall_asides, layout_gridlike,
          amcnicky_mini_corridor_feature, hangedman_elven_ridges
Vaults:1: grunt_vaults_hallway_short, nicolae_vaults_asterisk, v_misc_5,
          hangedman_vaults_corner, hangedman_vaults_maws,
          ontoclasm_vaults_claustrophobia, ontoclasm_vaults_shuriken,
          nicolae_vaults_murderbox, nicolae_vaults_little_squares_1, v_rooms_6,
          hangedman_vaults_impose, nicolae_vaults_little_squares_2, v_misc_33,
          ontoclasm_vaults_decontamination, layout_vaults_ring, serial_shops,
          shop, uniq_donald
Vaults:2: portal_desolation_entry_nicolae_nacl, grunt_vaults_swirl, v_misc_23,
          ontoclasm_vaults_idyll, nicolae_vaults_network_square,
          minmay_crypt_entry_simple_walls, v_misc_28, ontoclasm_vaults_twist,
          v_misc_13, gammafunk_sealed_library, nicolae_vaults_asterisk,
          v_misc_12, v_alt_pattern_4, vaults_dpeg_encased_lava,
          layout_vaults_omnibox, uniq_sojobo, uniq_bai_suzhen
Vaults:3: v_misc_23, nicolae_vaults_quartermaster,
          nicolae_vaults_ninety_degrees, nicolae_vaults_mini_display_case,
          grunt_vaults_twisty, layout_vaults_omnigrid
Vaults:4: v_misc_3, grunt_vaults_funnel, v_misc_17, dpeg_vaults_monster_box,
          hangedman_vaults_nodes, ontoclasm_vaults_pinch,
          vaults_room_guarded_vault, layout_vaults_big_room, serial_shops,
          shop_statue
Vaults:5: uniq_margery
Depths:1: layout_small_grid, gammafunk_ghost_split, kennysheep_pointless_box,
          rand_demon_pan_entry_3, pf_hell_entry_tar_river, minmay_shop_grove
Depths:2: cheibrodos_hall_of_evolution, layout_gridlike, enter_ziggurat_c,
          grunt_hell_entry_dis_old, rand_demon_pan_entry_5,
          minmay_misc_feat_rugged, infiniplex_staircase_zigzag_5
Depths:3: minmay_tile_spiral, layout_cave_pools, hell_entry,
          abyss_entry_small_statue_room, nemelex_xobeh_ov_fountains_minmay,
          grunt_megastairs_3, minmay_staircase_bubble
Depths:4: lemuel_castle_with_subvaults [lemuel_castle_interior_carwin_2],
          layout_basic, pan_entry, hellmouth_2,
          nicolae_gozag_cash_rules_everything_around_me
Zot:1:    layout_cellular_growth
Zot:2:    layout_gridlike, st_small_dragon_hoard_5, grunt_megastairs_4
Zot:3:    layout_basic
Zot:4:    hangedman_orp_of_zott, layout_gridlike
Zot:5:    layout_misc_corridors

Skill      XL: |  1  2  3  4  5  6  7  8  9 10 11 12 13 14 15 16 17 18 19 20 21 22 23 24 25 26 27 |
---------------+----------------------------------------------------------------------------------+-----
Fighting       | 4 6 8 10 12 15 18 21 23 25 27 | 27.0
Axes           | 3 4 7 14 18 | 18.0
Short Blades   | 1 |  1.0
Evocations     | 1 2 3 4 6 7 8 9 13 17 | 17.0
Invocations    | 1 9 11 13 14 15 16 17 19 22 | 22.8
Shields        | 5 8 11 15 19 21 24 25 | 25.7
Armour         | 4 7 9 11 13 15 17 22 25 26 | 26.1
Throwing       | 1 8 |  8.0
Dodging        | |  0.4

Action                   |  1- 3 |  4- 6 |  7- 9 | 10-12 | 13-15 | 16-18 | 19-21 | 22-24 | 25-27 || total
-------------------------+-------+-------+-------+-------+-------+-------+-------+-------+-------++-------
Melee: War axe           |    85 |       |       |       |       |       |       |       |       ||    85
       Short sword       |     1 |   147 |       |       |       |       |       |       |       ||   148
       Hand axe          |       |    47 |   310 |   650 |  1072 |  1104 |  1180 |       |       ||  4363
       Broad axe         |       |       |       |       |       |       |   336 |  2121 |  2216 ||  4673
Throw: Boomerang         |       |       |     2 |     4 |       |       |       |       |       ||     6
       Throwing net      |       |       |       |       |       |       |     2 |       |       ||     2
       Javelin           |       |       |       |       |       |       |       |       |    14 ||    14
Invok: Draw Destruction  |       |       |       |    13 |    25 |    13 |    35 |    13 |    24 ||   123
       Draw Summoning    |       |       |       |     2 |    15 |     7 |    15 |     8 |    13 ||    60
       Deal Four         |       |       |       |       |     3 |     4 |     8 |     6 |    11 ||    32
       Stack Five        |       |       |       |       |     1 |     1 |     1 |     1 |     3 ||     7
       Draw Stack        |       |       |       |       |     5 |     4 |     3 |       |    14 ||    26
       Draw Escape       |       |       |       |       |       |     1 |     2 |       |       ||     3
Evoke: Wand              |       |       |    15 |    11 |     1 |    28 |    64 |     2 |    43 ||   164
       Lightning rod     |       |       |       |       |       |     4 |       |       |       ||     4
       Phial of floods   |       |       |       |       |       |     1 |       |       |       ||     1
       Box of beasts     |       |       |       |       |       |       |     2 |       |     2 ||     4
       Condenser vane    |       |       |       |       |       |       |     1 |       |     2 ||     3
  Use: Potion            |     1 |     1 |       |     3 |       |    11 |    10 |     4 |    15 ||    45
       Scroll            |       |     5 |     3 |     8 |    15 |    15 |    16 |     1 |    10 ||    73
 Stab: Paralysed         |       |       |     7 |    26 |       |       |       |       |       ||    33
       Distracted        |       |       |       |       |     7 |     4 |     4 |     2 |    15 ||    32
       Petrified         |       |       |       |       |     4 |       |       |     1 |       ||     5
       Sleeping          |       |       |       |       |     1 |     2 |       |       |       ||     3
       Invisible         |       |       |       |       |     1 |       |       |       |     1 ||     2
       Held in net/web   |       |       |       |       |       |       |     2 |       |       ||     2
       Petrifying        |       |       |       |       |       |       |       |     1 |     3 ||     4
       Confused          |       |       |       |       |       |       |       |       |     2 ||     2
Armor: Scale mail        |    47 |   138 |   194 |   135 |       |       |       |       |       ||   514
       Steam dragon scal |       |       |       |   306 |   766 |   221 |       |       |       ||  1293
       Chain mail        |       |       |       |       |       |   146 |   371 |   363 |       ||   880
       Gold dragon scale |       |       |       |       |       |       |       |    54 |   665 ||   719
Dodge: Dodged            |    42 |    77 |   120 |   298 |   504 |   200 |   139 |   183 |   224 ||  1787
Block: Buckler           |    22 |     3 |       |       |       |       |       |       |       ||    25
       Kite shield       |       |    99 |   176 |   420 |   742 |   518 |       |       |       ||  1955
       Reflection        |       |       |       |       |       |    69 |   205 |    92 |    40 ||   406
       Tower shield      |       |       |       |       |       |   260 |  1769 |  1577 |  2065 ||  5671

Table legend: (Time is in decaauts)
 A = Elapsed time spent in this place.
 B = Non-inter-level travel time spent in this place.
 C = Inter-level travel time spent in this place.
 D = Time resting spent in this place.
 E = Time spent auto-exploring this place.
 F = Levels seen in this place.
 G = Mean time per level.
                   A        B        C        D        E       F      G
               +--------+--------+--------+--------+--------+-----+--------+
         Total |  82797 |  78459 |   4338 |   5948 |  57558 |  55 | 1505.4 |
       Dungeon |  18723 |  16545 |   2178 |    183 |  12827 |  15 | 1248.2 |
        Temple |    132 |    118 |     14 |      0 |     94 |   1 |  132.0 |
          Lair |  12063 |  11536 |    527 |    382 |   9377 |   6 | 2010.5 |
        Shoals |   5152 |   5031 |    121 |    105 |   3811 |   4 | 1288.0 |
     Snake Pit |   8197 |   8051 |    146 |    154 |   6563 |   4 | 2049.2 |
    Slime Pits |   3475 |   3351 |    124 |    158 |   2439 |   5 |  695.0 |
  Orcish Mines |   1709 |   1529 |    180 |      0 |   1046 |   2 |  854.5 |
   Elven Halls |   5899 |   5742 |    157 |   1049 |   3675 |   3 | 1966.3 |
        Vaults |   8398 |   8068 |    330 |    756 |   5623 |   5 | 1679.6 |
        Depths |   8780 |   8494 |    286 |   1320 |   5486 |   4 | 2195.0 |
           Zot |  10222 |   9950 |    272 |   1840 |   6615 |   5 | 2044.4 |
      Ice Cave |     42 |     42 |      0 |      0 |      0 |   1 |   42.0 |
               +--------+--------+--------+--------+--------+-----+--------+

Top non-repeatable levels by time:
Depths:4: 3150 daAuts
  Lair:6: 3083 daAuts
   Zot:2: 3046 daAuts
   Zot:4: 2860 daAuts
   Elf:2: 2750 daAuts
     D:9: 2541 daAuts
Depths:3: 2534 daAuts
 Snake:3: 2482 daAuts
Vaults:2: 2288 daAuts
 Snake:2: 2222 daAuts
  Lair:1: 2055 daAuts
   Elf:3: 2026 daAuts
Vaults:5: 2014 daAuts
  Lair:4: 1916 daAuts
 Snake:4: 1799 daAuts
